TOP OF THE 1ST |
Washington State Cougars batting - Pitching for Minnesota Golden Gophers : RHP Brent Burnett
|
Pitching: RHP Brent Burnett
|
|
Batting: LHB Roberto Lozano
|
0-0: Called Strike 0-1: Ball 1-1: Called Strike 1-2: Strikes out swinging
|
Batting: RHB Jayson Clark
|
0-0: Ball 1-0: Called Strike 1-1: Foul Ball, location: 2F 1-2: SINGLE (Groundball, 56S) (infield hit)
|
Batting: RHB José Velázquez
|
0-0: Called Strike Jayson Clark steals 2nd base 0-1: Ball 1-1: Called Strike 1-2: Strikes out swinging
|
Batting: RHB Enrique Cruz
|
0-0: Called Strike 0-1: Reached on error, E4 (Groundball, 4) Jayson Clark to third
|
Batting: LHB Rick Mojica
|
0-0: Ball 1-0: Called Strike 1-1: Called Strike 1-2: Strikes out swinging
|
Top of the 1st over - 0 run(s), 1 hit(s), 1 error(s), 2 left on base; Washington State 0 - Minnesota 0 |
BOTTOM OF THE 1ST |
Minnesota Golden Gophers batting - Pitching for Washington State Cougars : RHP Mike Ramos
|
Pitching: RHP Mike Ramos
|
|
Batting: RHB Carlos López
|
0-0: Foul Ball, location: 2F 0-1: Called Strike 0-2: Strikes out swinging
|
Batting: SHB Van White
|
0-0: Ball 1-0: Called Strike 1-1: Fly out, F2 (Popup, 2RF)
|
Batting: LHB Matt Murphy
|
0-0: Ball 1-0: Ground out 4-3 (Groundball, 4M)
|
Bottom of the 1st over - 0 run(s), 0 hit(s), 0 error(s), 0 left on base; Washington State 0 - Minnesota 0 |
TOP OF THE 2ND |
Washington State Cougars batting - Pitching for Minnesota Golden Gophers : RHP Brent Burnett
|
Batting: RHB Rich Miles
|
0-0: Bunted foul 0-1: Foul Ball, location: 2F 0-2: Ball 1-2: Strikes out swinging
|
Batting: SHB Jeffery Ivey
|
0-0: Ball 1-0: Foul Ball, location: 2F 1-1: Foul Ball, location: 2F 1-2: Ball 2-2: Strikes out swinging
|
Batting: RHB Thomas Bowman
|
0-0: Ball 1-0: Fly out, F4 (Line Drive, 4M)
|
Top of the 2nd over - 0 run(s), 0 hit(s), 0 error(s), 0 left on base; Washington State 0 - Minnesota 0 |
BOTTOM OF THE 2ND |
Minnesota Golden Gophers batting - Pitching for Washington State Cougars : RHP Mike Ramos
|
Batting: RHB Brady McIntyre
|
0-0: Swinging Strike 0-1: Ball 1-1: Ground out 5-3 (Groundball, 56)
|
Batting: RHB Esteban Ayala
|
0-0: Foul Ball, location: 2F 0-1: Fly out, F6 (Popup, 5L)
|
Batting: RHB Ben Lund
|
0-0: Called Strike 0-1: Ball 1-1: Ground out 5-3 (Groundball, 5S)
|
Bottom of the 2nd over - 0 run(s), 0 hit(s), 0 error(s), 0 left on base; Washington State 0 - Minnesota 0 |
TOP OF THE 3RD |
Washington State Cougars batting - Pitching for Minnesota Golden Gophers : RHP Brent Burnett
|
Batting: RHB Víctor Ocampo
|
0-0: Ball 1-0: Called Strike 1-1: Ball 2-1: Ball 3-1: Base on Balls
|
Batting: LHB Roberto Lozano
|
0-0: Ball 1-0: Ball 2-0: Ball 3-0: Called Strike 3-1: Base on Balls Víctor Ocampo to second
|
Batting: RHB Jayson Clark
|
0-0: SINGLE (Line Drive, 56D) Víctor Ocampo to third Roberto Lozano to second Runner from 3rd tries for Home, SAFE, throw made home
|
Now in LF: Doug Willard
|
|
Batting: RHB José Velázquez
|
0-0: Ball 1-0: Called Strike 1-1: Ball 2-1: Ball Balk! Roberto Lozano to third Jayson Clark to second 3-1: Foul Ball, location: 2F 3-2: Fly out, F4 (Popup, 4MD)
|
Batting: RHB Enrique Cruz
|
0-0: Ball 1-0: Foul Ball, location: 2F 1-1: Called Strike 1-2: Ball 2-2: Strikes out swinging
|
Batting: LHB Rick Mojica
|
0-0: Ball 1-0: Ball 2-0: Foul Ball, location: 2F 2-1: Ground out 3-1 (Groundball, 34)
|
Top of the 3rd over - 1 run(s), 1 hit(s), 0 error(s), 2 left on base; Washington State 1 - Minnesota 0 |
BOTTOM OF THE 3RD |
Minnesota Golden Gophers batting - Pitching for Washington State Cougars : RHP Mike Ramos
|
Batting: LHB Nick Hopper
|
0-0: Ball 1-0: Called Strike 1-1: Swinging Strike 1-2: Ball 2-2: SINGLE (Groundball, 56D)
|
Batting: RHB Tim Glendonwyn
|
0-0: Called Strike 0-1: Fly out, F3 (Popup, 34)
|
Batting: RHB Félix Escamilla
|
0-0: Ball Nick Hopper steals 2nd base 1-0: Foul Ball, location: 2F 1-1: Foul Ball, location: 2F 1-2: Ball 2-2: Ball 3-2: Ground out 1-3 (Groundball, 15S)
|
Batting: RHB Carlos López
|
0-0: Ball 1-0: Ground out U3 (Groundball, 3)
|
Bottom of the 3rd over - 0 run(s), 1 hit(s), 0 error(s), 1 left on base; Washington State 1 - Minnesota 0 |
TOP OF THE 4TH |
Washington State Cougars batting - Pitching for Minnesota Golden Gophers : RHP Brent Burnett
|
Batting: RHB Rich Miles
|
0-0: Bunt for hit - play at first, batter OUT! 1-3
|
Batting: SHB Jeffery Ivey
|
0-0: Ball 1-0: Ground out 6-3 (Groundball, 6M)
|
Batting: RHB Thomas Bowman
|
0-0: Ball 1-0: Fly out, F2 (Popup, 2RF)
|
Top of the 4th over - 0 run(s), 0 hit(s), 0 error(s), 0 left on base; Washington State 1 - Minnesota 0 |
BOTTOM OF THE 4TH |
Minnesota Golden Gophers batting - Pitching for Washington State Cougars : RHP Mike Ramos
|
Batting: SHB Van White
|
0-0: Ball 1-0: Called Strike 1-1: Ball 2-1: Swinging Strike 2-2: Ball 3-2: Foul Ball, location: 2F 3-2: Foul Ball, location: 2F 3-2: Base on Balls
|
Batting: LHB Matt Murphy
|
0-0: Called Strike 0-1: Swinging Strike 0-2: Strikes out swinging
|
Batting: RHB Brady McIntyre
|
0-0: Ball 1-0: Fly out, F2 (Popup, 2LF)
|
Batting: LHB Doug Willard
|
0-0: Called Strike Van White is caught stealing 2nd base
|
Bottom of the 4th over - 0 run(s), 0 hit(s), 0 error(s), 0 left on base; Washington State 1 - Minnesota 0 |
TOP OF THE 5TH |
Washington State Cougars batting - Pitching for Minnesota Golden Gophers : RHP Brent Burnett
|
Batting: RHB Víctor Ocampo
|
0-0: Ball 1-0: Ball 2-0: Ball 3-0: Base on Balls
|
Batting: LHB Roberto Lozano
|
0-0: Called Strike 0-1: Foul Ball, location: 2F 0-2: Ball 1-2: SINGLE (Line Drive, 89S) Víctor Ocampo to second
|
Batting: RHB Jayson Clark
|
0-0: Ball 1-0: Ball 2-0: Swinging Strike 2-1: Called Strike 2-2: Strikes out looking
|
Pitching: RHP Albert Colwill
|
|
Batting: RHB José Velázquez
|
0-0: Ball 1-0: Ball 2-0: Called Strike 2-1: Ball 3-1: Swinging Strike 3-2: Strikes out looking
|
Batting: RHB Enrique Cruz
|
0-0: Foul Ball, location: 2F 0-1: Ball 1-1: Called Strike 1-2: Strikes out swinging
|
Top of the 5th over - 0 run(s), 1 hit(s), 0 error(s), 2 left on base; Washington State 1 - Minnesota 0 |
BOTTOM OF THE 5TH |
Minnesota Golden Gophers batting - Pitching for Washington State Cougars : RHP Mike Ramos
|
Batting: LHB Doug Willard
|
0-0: Ball 1-0: Called Strike 1-1: Called Strike 1-2: Foul Ball, location: 2F 1-2: Ball 2-2: Ball 3-2: Foul Ball, location: 2F 3-2: Strikes out swinging
|
Batting: RHB Ben Lund
|
0-0: Ball 1-0: Ball 2-0: Ball 3-0: Base on Balls
|
Batting: LHB Nick Hopper
|
0-0: Ball 1-0: Foul Ball, location: 2F 1-1: 2-RUN HOME RUN (Flyball, 78D), Distance : 376 ft
|
Batting: RHB Tim Glendonwyn
|
0-0: Ball 1-0: Ball 2-0: Ball 3-0: Called Strike 3-1: Base on Balls
|
Batting: RHB Félix Escamilla
|
0-0: Ball 1-0: Foul Ball, location: 2F 1-1: Called Strike 1-2: Grounds into double play, 6-4-3 (Groundball, 6)
|
Bottom of the 5th over - 2 run(s), 1 hit(s), 0 error(s), 0 left on base; Washington State 1 - Minnesota 2 |
TOP OF THE 6TH |
Washington State Cougars batting - Pitching for Minnesota Golden Gophers : RHP Albert Colwill
|
Batting: LHB Rick Mojica
|
0-0: Called Strike 0-1: Foul Ball, location: 2F 0-2: Ball 1-2: Strikes out swinging
|
Batting: RHB Rich Miles
|
0-0: Ball 1-0: Ball 2-0: Called Strike 2-1: Ball 3-1: Ground out 6-3 (Groundball, 56D)
|
Batting: SHB Jeffery Ivey
|
0-0: Ball 1-0: Ball 2-0: Called Strike 2-1: Called Strike 2-2: Strikes out swinging
|
Top of the 6th over - 0 run(s), 0 hit(s), 0 error(s), 0 left on base; Washington State 1 - Minnesota 2 |
BOTTOM OF THE 6TH |
Minnesota Golden Gophers batting - Pitching for Washington State Cougars : RHP Mike Ramos
|
Batting: RHB Carlos López
|
0-0: Ball 1-0: Called Strike 1-1: Ground out U3 (Groundball, 3S)
|
Batting: SHB Van White
|
0-0: Called Strike 0-1: Called Strike 0-2: Ball 1-2: Fly out, F8 (Popup, 4MD)
|
Batting: LHB Matt Murphy
|
0-0: Foul Ball, location: 2F 0-1: Ball 1-1: Ball 2-1: Ball 3-1: SINGLE (Line Drive, 89M)
|
Pitching: RHP José Moreno
|
|
Batting: RHB Brady McIntyre
|
0-0: Fly out, F3 (Line Drive, 3S)
|
Bottom of the 6th over - 0 run(s), 1 hit(s), 0 error(s), 1 left on base; Washington State 1 - Minnesota 2 |
TOP OF THE 7TH |
Washington State Cougars batting - Pitching for Minnesota Golden Gophers : RHP Albert Colwill
|
Batting: RHB Thomas Bowman
|
0-0: Called Strike 0-1: Foul Ball, location: 2F 0-2: Foul Ball, location: 2F 0-2: Ball 1-2: Ground out 6-3 (Groundball, 6)
|
Pitching: LHP Eric Thompson
|
|
Batting: RHB Víctor Ocampo
|
0-0: Ball 1-0: Ball 2-0: Swinging Strike 2-1: Ball 3-1: Swinging Strike 3-2: Base on Balls
|
Batting: LHB Roberto Lozano
|
0-0: Ball 1-0: Called Strike 1-1: Foul Ball, location: 2F 1-2: Ball 2-2: Foul Ball, location: 2F 2-2: Ball 3-2: Fly out, F6 (Popup, 5D)
|
Batting: RHB Jayson Clark
|
0-0: Ball 1-0: Ground out 4-3 (Groundball, 4)
|
Top of the 7th over - 0 run(s), 0 hit(s), 0 error(s), 1 left on base; Washington State 1 - Minnesota 2 |
BOTTOM OF THE 7TH |
Minnesota Golden Gophers batting - Pitching for Washington State Cougars : RHP José Moreno
|
Batting: LHB Doug Willard
|
0-0: Foul Ball, location: 2F 0-1: Called Strike 0-2: Ball 1-2: Ball 2-2: Ball 3-2: Foul Ball, location: 2F 3-2: Base on Balls
|
Batting: RHB Ben Lund
|
0-0: Bunted foul 0-1: Sac Bunt - play at first, batter OUT! 1-4 Doug Willard to second
|
Batting: LHB Nick Hopper
|
0-0: Intentional Walk
|
Batting: RHB Tim Glendonwyn
|
0-0: Ball 1-0: Ball 2-0: Ball 3-0: Base on Balls Doug Willard to third Nick Hopper to second
|
Batting: RHB Félix Escamilla
|
0-0: SINGLE (Groundball, 5S) (infield hit) Doug Willard scores Nick Hopper to third Tim Glendonwyn to second
|
Batting: RHB Carlos López
|
0-0: Ball 1-0: Called Strike 1-1: Ball 2-1: Ball 3-1: Called Strike 3-2: Strikes out swinging
|
Batting: SHB Van White
|
0-0: Ball 1-0: Foul Ball, location: 2F 1-1: Ball 2-1: Fly out, F7 (Flyball, 78S)
|
Bottom of the 7th over - 1 run(s), 1 hit(s), 0 error(s), 3 left on base; Washington State 1 - Minnesota 3 |
TOP OF THE 8TH |
Washington State Cougars batting - Pitching for Minnesota Golden Gophers : LHP Eric Thompson
|
Now in RF: Ramón López
|
|
Batting: RHB José Velázquez
|
0-0: Ball 1-0: Ball 2-0: Fly out, F7 (Line Drive, 7M)
|
Batting: RHB Enrique Cruz
|
0-0: Foul Ball, location: 2F 0-1: Foul Ball, location: 2F 0-2: Ball 1-2: Strikes out looking
|
Batting: LHB Rick Mojica
|
0-0: Ball 1-0: Ball 2-0: SINGLE (Groundball, 34D)
|
Pitching: LHP Jeff O'Farrell
|
|
Batting: RHB Rich Miles
|
0-0: Called Strike 0-1: Foul Ball, location: 2F 0-2: Foul Ball, location: 2F 0-2: Ball 1-2: Strikes out swinging
|
Top of the 8th over - 0 run(s), 1 hit(s), 0 error(s), 1 left on base; Washington State 1 - Minnesota 3 |
BOTTOM OF THE 8TH |
Minnesota Golden Gophers batting - Pitching for Washington State Cougars : RHP José Moreno
|
Batting: LHB Matt Murphy
|
0-0: Foul Ball, location: 2F 0-1: Ground out U3 (Groundball, 3)
|
Batting: RHB Brady McIntyre
|
0-0: Ball 1-0: Ball 2-0: Called Strike 2-1: Ground out 5-3 (Groundball, 5L)
|
Batting: LHB Doug Willard
|
0-0: Swinging Strike 0-1: Foul Ball, location: 2F 0-2: Ball 1-2: Ground out 4-3 (Groundball, 4)
|
Bottom of the 8th over - 0 run(s), 0 hit(s), 0 error(s), 0 left on base; Washington State 1 - Minnesota 3 |
TOP OF THE 9TH |
Washington State Cougars batting - Pitching for Minnesota Golden Gophers : LHP Jeff O'Farrell
|
Pitching: LHP Roger Glass
|
|
Now at C: Troy Alvarado
|
|
Batting: SHB Jeffery Ivey
|
0-0: Hit by Pitch
|
Batting: RHB Thomas Bowman
|
0-0: Called Strike 0-1: Called Strike 0-2: Ball 1-2: Strikes out looking
|
Pinch Hitting: RHB Jesús Domínguez
|
0-0: Ball 1-0: Ball 2-0: Ball 3-0: Called Strike 3-1: SINGLE (Flyball, 8RM) Jeffery Ivey to second
|
Batting: LHB Roberto Lozano
|
0-0: Called Strike 0-1: Ball 1-1: Foul Ball, location: 2F 1-2: Ball 2-2: Ball 3-2: Foul Ball, location: 2F 3-2: Foul Ball, location: 2F 3-2: Foul Ball, location: 2F 3-2: Base on Balls Jeffery Ivey to third Jesús Domínguez to second
|
Batting: RHB Jayson Clark
|
0-0: Ball 1-0: Fly out, F7 (Flyball, 7LM) Runner from 3rd tags up, SCORES, no throw
|
Batting: RHB José Velázquez
|
0-0: Called Strike 0-1: Called Strike 0-2: Foul Ball, location: 2F 0-2: Strikes out looking
|
Top of the 9th over - 1 run(s), 1 hit(s), 0 error(s), 2 left on base; Washington State 2 - Minnesota 3 |
|